 Dungeon Crawl Stone Soup version 0.30.1-11-g7821555f0a (webtiles) character file.

Game seed: 6794520473968553392

224 Arctor the Changer (level 5, 0/66 HPs)
             Began as a Draconian Transmuter on Jan 10, 2024.
             Killed from afar by Ijyb (9 damage)
             ... with a bolt of acid
             ... on level 3 of the Dungeon.
             The game lasted 00:08:57 (2740 turns).

Arctor the Changer (Draconian Transmuter)           Turns: 2740, Time: 00:08:57

Health: 0/66       AC:  4    Str: 13    XL:     5   Next: 67%
Magic:  7/9        EV: 13    Int: 15    God:
Gold:   158        SH:  0    Dex: 18    Spells: 6/9 levels left

rFire   + . .        i - +11 dagger "Goekeal" {protect, Dex+7}
rCold   + . .        (no shield)
rNeg    . . .        (body armour unavailable)
rPois   +            (helmet currently unavailable)
rElec   +            (no cloak)
rCorr   +            (no gloves)
SInv    .            (boots currently unavailable)
Will    .....        (no amulet) Stlth
                     (no ring)
HPRegen 0.31/turn    (no ring)
MPRegen 0.11/turn

%: no passive effects
@: berserking, appendages (expiring), resistant, wereblooded, corroded, under a
protective aura, very quick
A: horns 2, talons 2, AC +5, unfitting armour, cold-blooded
a: End Transformation


You were on level 3 of the Dungeon.
You had temporarily grown beastly horns and talons.
You visited 1 branch of the dungeon, and saw 3 of its levels.

You collected 158 gold pieces.

Inventory:

Hand Weapons
 i - the +11 dagger "Goekeal" (weapon) {protect, Dex+7}
   (You found it on level 2 of the Dungeon)

   Dex:       It affects your dexterity (+7).
Missiles
 f - a throwing net
Scrolls
 b - a scroll of vulnerability
 g - a scroll of magic mapping
 j - 2 scrolls of fog {unknown}
 k - 2 scrolls of immolation {unknown}
 l - a scroll of torment {unknown}
Potions
 a - a potion of lignification
 e - a potion of degeneration {unknown}
 h - a potion of berserk rage
 m - a potion of attraction {unknown}


   Skills:
 + Level 2.8 Fighting
 + Level 1.9 Short Blades
 + Level 2.7 Dodging
 + Level 0.1 Stealth
 - Level 3.1 Unarmed Combat
 + Level 2.9 Spellcasting
 - Level 3.3 Transmutations


You had 6 spell levels left.
You knew the following spells:

 Your Spells              Type           Power      Damage    Failure   Level
a - Beastly Appendage     Tmut           24%        N/A       4%          1
b - Wereblood             Tmut           12%        N/A       8%          2

Your spell library contained the following spells:

 Spells                   Type           Power      Damage    Failure   Level
 Spider Form              Tmut/Pois      7%         N/A       30%         3
 Volatile Blastmotes      Fire/Tloc      4%         2d10      52%         3
 Ice Form                 Ice/Tmut       7%         N/A       69%         4
 Fulminant Prism          Conj/Hex       1%         3d5       90%         4
 Iskenderun's Mystic Bla  Conj/Tloc      2%         2d3       90%         4
 Lee's Rapid Deconstruct  Erth           1%         3d4*      99%         5


Dungeon Overview and Level Annotations

Branches:
Dungeon (3/15)

Altars:
Dithmenos

Annotations:
D:3 Ijyb


Innate Abilities, Weirdness & Mutations

You have temporarily grown beastly horns and talons.
Your plain brown scales are hard. (AC +5)
You cannot fit into any form of body armour.
You are cold-blooded and may be slowed by cold attacks.


Message History

Ijyb is moderately wounded.
Ijyb zaps a wand.
The bolt of acid hits you!
* * * LOW HITPOINT WARNING * * *
The acid corrodes you! The goblin barely misses you.
Unknown command.
You hit Ijyb but do no damage. You claw Ijyb, but do no damage.
Your tail-slap misses Ijyb.
Ijyb is moderately wounded.
Ijyb closely misses you. The goblin hits you with a +0 club.
* * * LOW HITPOINT WARNING * * *
Unknown command.
You hit the goblin.
You feel a bit better.
You kill the goblin!
Ijyb zaps a wand.
The bolt of acid misses you.
You hit Ijyb but do no damage.
Ijyb is moderately wounded.
You howl as the wereblood boils in your veins!
Unknown command.
You completely miss Ijyb. You claw Ijyb, but do no damage.
Ijyb is moderately wounded.
You howl as the wereblood boils in your veins!
Ijyb hits you with a +0 dagger.
* * * LOW HITPOINT WARNING * * *
Unknown command.
It was a potion of mutation.
You feel extremely strange. Ijyb barely misses you.
It was a potion of resistance.
You feel protected.
Your transformation is almost over.
Ijyb zaps a wand.
The bolt of acid hits you. You resist.
* * * LOW HITPOINT WARNING * * *
It was a potion of berserk rage.
A red film seems to cover your vision as you go berserk!
You feel yourself moving faster!
You feel mighty!
You howl as the wereblood boils in your veins!
Ijyb barely misses you.
You hit Ijyb. Your kick misses Ijyb. You headbutt Ijyb.
You tail-slap Ijyb, but do no damage.
Ijyb is severely wounded.
Ijyb zaps a wand.
The bolt of acid hits you! You resist.
You die...

############
#...'.......
#...@g......
#...#)......
#...#########
#............
#............
##'##.....##'
#...#.....# #..≈
#...#.....# #..≈
#...#.)...#...#..≈≈#


You could see Ijyb.

Vanquished Creatures
  An orc priest (D:2)
  A gnoll bouda (D:3)
  An orc wizard (D:3)
  5 gnolls
  An adder (D:2)
  A white imp (D:3)
  2 dart slugs (D:1)
  4 orcs (D:3)
  4 bats
  8 endoplasms
  2 giant cockroaches (D:3)
  11 goblins
  A hobgoblin (D:1)
  A jackal (D:3)
  3 kobolds
  4 quokkas
  7 ball pythons
  3 frilled lizards
  11 rats
71 creatures vanquished.

Notes
Turn   | Place    | Note
-------+----------+-------------------------------------------
     0 | D:1      | Arctor the Draconian Transmuter began the quest for the
                  | Orb.
     0 | D:1      | Reached XP level 1. HP: 16/16 MP: 3/3
   107 | D:1      | Reached XP level 2. HP: 12/23 MP: 3/5
   672 | D:1      | Reached XP level 3. HP: 28/28 MP: 3/6
  1014 | D:2      | Found a faded altar of an unknown god.
  1165 | D:2      | Identified the +11 dagger "Goekeal" {protect, Dex+7}
  1461 | D:2      | Learned a level 2 spell: Wereblood
  1736 | D:3      | Reached XP level 4. HP: 30/36 MP: 4/7
  1812 | D:2      | Reached skill level 1 in Short Blades
  1872 | D:3      | Reached XP level 5. HP: 41/41 MP: 4/8
  2366 | D:3      | Found a shadowy altar of Dithmenos.
  2720 | D:3      | Noticed Ijyb
  2740 | D:3      | Killed from afar by Ijyb

Illustrated notes

Levels and vault maps discovered:
D:1:      scummos_arrival_gate, layout_rooms
D:2:      layout_loops_ring, ebering_ecumenical_altar_mist
D:3:      kennysheep_goblin_castle, layout_rooms, mainiacjoe_overflow_brackets

Skill      XL: |  1  2  3  4 |
---------------+-------------+-----
Dodging        | 2 |  2.7
Transmutations | 3 |  3.3
Fighting       | 2 |  2.8
Short Blades   | 1 |  1.9
Stealth        | |  0.1
Unarmed Combat | |  3.1
Spellcasting   | |  2.9

Action                     |  1- 3 |  4- 6 || total
---------------------------+-------+-------++-------
  Melee: Unarmed           |    78 |       ||    78
         Kick              |    22 |     4 ||    26
         Tailslap          |     7 |     8 ||    15
         Headbutt          |     9 |     3 ||    12
         Punch             |     1 |     2 ||     3
         Dagger            |    14 |    55 ||    69
   Cast: Beastly Appendage |    52 |     3 ||    55
         Wereblood         |     2 |     3 ||     5
    Use: Scroll            |     2 |     1 ||     3
         Potion            |       |     3 ||     3
   Stab: Sleeping          |       |     1 ||     1
 Armour: Skin              |    36 |    17 ||    53
  Dodge: Dodged            |    64 |    55 ||   119
